 Dungeon Crawl Stone Soup version 0.28-a0-381-g937acc2988 (webtiles) character file.

Game seed: 4897901862896331891

7 Archison the Sneak (level 1, 0/9 HPs)
             Began as a Spriggan Enchanter on Sept 1, 2021.
             Frozen to death by an endoplasm (1 damage)
             ... on level 1 of the Dungeon.
             The game lasted 00:01:51 (462 turns).

Archison the Sneak (Spriggan Enchanter)              Turns: 462, Time: 00:01:52

Health: 0/9        AC:  2    Str:  4    XL:     1   Next: 83%
Magic:  5/5        EV: 17    Int: 16    God:
Gold:   19         SH:  0    Dex: 15    Spells: 5/5 levels left

rFire   . . .      SeeInvis +   a - +1 dagger
rCold   . . .      Faith    .   (shield restricted)
rNeg    . . .      Spirit   .   b - +0 robe
rPois   .          Reflect  .   (helmet restricted)
rElec   .          Harm     .   (no cloak)
rCorr   .          Rampage  .   (gloves unavailable)
Will    .....                   (boots unavailable)
Stlth   +++.......              (no amulet)
HPRegen 0.03/turn               (no ring)
MPRegen 0.09/turn               (no ring)

@: very quick
A: very small, no large weapons, unfitting armour, see invisible, speed 3
a: no special abilities


You were on level 1 of the Dungeon.
You visited 1 branch of the dungeon, and saw 1 of its levels.

You collected 19 gold pieces.

Inventory:

Hand Weapons
 a - a +1 dagger (weapon)
Armour
 b - a +0 robe (worn)
Scrolls
 e - a scroll of enchant weapon {unknown}
Potions
 c - a potion of invisibility
 d - a potion of curing {unknown}


   Skills:
 + Level 1.1 Short Blades
 + Level 2.7 Dodging
 + Level 4.5 Stealth
 + Level 2.9 Spellcasting
 + Level 3.9 Hexes


You had 5 spell levels left.
You didn't know any spells.
Your spell library contained the following spells:

 Spells                   Type           Power      Damage    Failure   Level
 Confusing Touch          Hex            14%        N/A       12%         3
 Tukima's Dance           Hex            14%        N/A       12%         3
 Ensorcelled Hibernation  Hex/Ice        16%        N/A       13%         2
 Dazzling Flash           Conj/Hex       16%        N/A       26%         3


Dungeon Overview and Level Annotations

Branches:
Dungeon (1/15)

Altars:

Shops:
D:1 ?[?


Innate Abilities, Weirdness & Mutations

You are very small and have problems with some larger weapons.
You are too small for most types of armour.
You have supernaturally acute eyesight. (SInv)
You cover ground extremely quickly. (Speed+++)


Message History

The plant begins to die.
The ball python bites you. The ball python constricts you.
The bat hits the plant.
The ball python bites you but does no damage.
The bat hits the plant.
Unknown command.
You hit the ball python.
You kill the ball python!
The bat hits the plant. x3; The bat completely misses the plant.
The ball python bites you but does no damage.
The ball python barely misses you.
The bat hits the plant. x2
The bat hits the plant. x2
You see here a ball python corpse.
The bat hits something.
The bat closely misses you. The bat misses you. The bat closely misses you.
You miss the bat. The bat hits you but does no damage.
The bat closely misses you. The bat completely misses you.
You closely miss the bat. The bat misses you. x2
You barely miss the bat. The bat hits you.
* * * LOW HITPOINT WARNING * * *
The bat hits you.
* * * LOW HITPOINT WARNING * * *
The bat misses you. The bat hits you but does no damage.
An endoplasm comes into view.
The bat completely misses you. The bat hits you but does no damage.
A giant cockroach comes into view.
Found a glowing scarf.
Found a stone staircase leading down.
The giant cockroach moves out of view. 2 endoplasms come into view.
Found 7 gold pieces.
The endoplasm quivers.
The endoplasm quivers.
The giant cockroach misses you. The endoplasm freezes you.
You are frozen.
You die...

.# .# ## ## ># ... .#
## ..# .# #####.## .#
....... .# .......
###.###### #..#####
#J....[...
#......##### #B@....#
..####..S..####bb....#
.## #####......J....#
.## ######.....># ..#
#......# #.# #J.....#
#b## ######## #..#
♣♣†#


You could see 3 endoplasms, a giant cockroach and 2 bats.

Vanquished Creatures
  A dart slug (D:1)
  A ball python (D:1)
  2 hobgoblins (D:1)
4 creatures vanquished.

Vanquished Creatures (others)
  7 plants (D:1)
7 creatures vanquished.

Grand Total: 11 creatures vanquished

Notes
Turn   | Place    | Note
-------+----------+-------------------------------------------
     0 | D:1      | Archison the Spriggan Enchanter began the quest for the
                  | Orb.
     0 | D:1      | Reached XP level 1. HP: 9/9 MP: 5/5
    12 | D:1      | Found Zumalom's Magic Scroll Boutique.
   377 | D:1      | Found Hir Kiy's Magic Scroll Emporium.
   398 | D:1      | Found Itsiudall's Antique Armour Shop.
   462 | D:1      | Frozen to death by an endoplasm

Illustrated notes

Levels and vault maps discovered:
D:1:      ncdulo_watergridlock, layout_rooms, serial_shops, shop, shop,
          nicolae_shop_statue_plus, hellmonk_ecumenical_altar_arch_garden,
          minmay_misc_feat_alley, serial_bayou_crossing

Action                   || total
-------------------------++-------
Melee: Dagger            ||    29
 Stab: Sleeping          ||     1
Armor: Robe              ||    12
Dodge: Dodged            ||    59

Table legend: (Time is in decaauts)
 A = Elapsed time spent in this place.
 B = Non-inter-level travel time spent in this place.
 C = Inter-level travel time spent in this place.
 D = Time resting spent in this place.
 E = Time spent auto-exploring this place.
 F = Levels seen in this place.
 G = Mean time per level.
                   A        B        C        D        E       F      G
               +--------+--------+--------+--------+--------+-----+--------+
         Total |    360 |    360 |      0 |    143 |     50 |   1 |  360.0 |
       Dungeon |    360 |    360 |      0 |    143 |     50 |   1 |  360.0 |
               +--------+--------+--------+--------+--------+-----+--------+

Top non-repeatable levels by time:
     D:1: 360 daAuts
